 Dungeon Crawl Stone Soup version 0.29-a0-284-gf9362112df (webtiles) character file.

Game seed: 7827387209685675748

10309 juncz the Frost Mage (level 11, -8/92 HPs)
             Began as a White Draconian Ice Elementalist on Mar 13, 2022.
             Was a Believer of Vehumet.
             Mangled by a boulder beetle (22 damage)
             ... on level 10 of the Dungeon on Mar 15, 2022.
             The game lasted 02:06:07 (19354 turns).

juncz the Frost Mage (DrIE)                        Turns: 19354, Time: 02:06:08

Health: -8/92      AC: 18    Str: 15    XL:     11   Next: 34%
Magic:  19/22      EV: 14    Int: 20    God:    Vehumet [**....]
Gold:   538        SH:  0    Dex: 11    Spells: 9/25 levels left

rFire   . . .      SeeInvis .   z - +9 trident "Alurowk" {flame, Str+4}
rCold   + . .      Faith    .   (no shield)
rNeg    + . .      Spirit   .   (body armour unavailable)
rPois   .          Reflect  .   (helmet restricted)
rElec   .          Harm     .   C - scarf {repulsion}
rCorr   .          Rampage  .   E - +0 pair of gloves
Will    ++++.      Clarity  +   u - +0 pair of boots
Stlth   ++........              f - amulet of the Four Winds {rN+ Will+++ Clar}
HPRegen 0.25/turn               S - ring of willpower
MPRegen 0.18/turn               (no ring)

@: ice-armoured, repel missiles
A: breathe frost, AC +7, unfitting armour, cold resistance 1, cold-blooded
a: Breathe Frost, Renounce Religion


You were on level 10 of the Dungeon.
You worshipped Vehumet.
Vehumet was pleased with you.
You visited 2 branches of the dungeon, and saw 11 of its levels.
You also visited: Bailey.

You collected 629 gold pieces.
You spent 91 gold pieces at shops.

Inventory:

Hand Weapons
 a - a +0 short sword of holy wrath
 b - a +0 hunting sling
 z - the +9 trident "Alurowk" (weapon) {flame, Str+4}
   (You found it on level 5 of the Dungeon)

   It burns those it strikes, dealing additional fire damage.
   Str:       It affects your strength (+4).
 I - a +3 flail of holy wrath
Missiles
 d - 318 stones (quivered)
 o - 13 poisoned darts
 B - 3 boomerangs
 D - 2 curare-tipped darts
 J - a throwing net
Armour
 t - the -5 hat of Hedge Wizardry {rC++ Dex-3}
   (You found it in a bailey)

   Dex:       It affects your dexterity (-3).
   rC:        It greatly protects you from cold.
 u - a +0 pair of boots (worn)
 y - a +0 cloak
 C - a scarf of repulsion (worn)
 E - a +0 pair of gloves (worn)
Magical Staves
 n - a staff of conjuration
 Q - a staff of cold
Jewellery
 f - the amulet of the Four Winds (around neck) {rN+ Will+++ Clar}
   (You found it on level 5 of the Dungeon)

   [amulet of nothing]

   rN:        It protects you from negative energy.
   Clar:      It protects you against confusion.
   Will:      It greatly increases your willpower.
 A - an amulet of regeneration
 S - a ring of willpower (left hand)
Wands
 r - a wand of mindburst (22)
 w - a wand of acid (8)
 K - a wand of flame (85)
 P - a wand of iceblast (2)
Scrolls
 c - a scroll of vulnerability {unknown}
 e - a scroll of torment {unknown}
 g - 2 scrolls of identify
 i - a scroll of enchant weapon {unknown}
 k - 4 scrolls of amnesia
 l - 5 scrolls of teleportation
 v - a scroll of holy word {unknown}
 x - 3 scrolls of magic mapping {unknown}
 F - a scroll of enchant armour {unknown}
 G - a scroll of brand weapon {unknown}
 H - a scroll of noise {unknown}
 N - a scroll of fear {unknown}
 O - a scroll of fog {unknown}
Potions
 h - 6 potions of curing
 m - 2 potions of attraction
 p - a potion of magic
 q - 2 potions of berserk rage
 s - 2 potions of heal wounds
 L - a potion of haste
 M - a potion of mutation {unknown}
Miscellaneous
 R - a phial of floods


   Skills:
 + Level 7.0 Fighting
 - Level 4.5 Polearms
 + Level 6.3 Dodging
 - Level 2.0 Stealth
 + Level 7.8 Spellcasting
 + Level 5.6 Summonings
 - Level 4.6 Transmutations
 + Level 11.0 Ice Magic
 + Level 4.5 Earth Magic


You had 9 spell levels left.
You knew the following spells:

 Your Spells              Type           Power      Damage    Failure   Level
a - Freeze                Ice            100%       1d11      1%          1
b - Frozen Ramparts       Ice            100%       1d12      1%          3
c - Ozocubu's Armour      Ice            51%        N/A       1%          3
d - Sandblast             Erth           50%        2d12      1%          1
e - Summon Ice Beast      Ice/Summ       41%        N/A       2%          4
f - Ice Form              Ice/Tmut       39%        N/A       3%          4

Your spell library contained the following spells:

 Spells                   Type           Power      Damage    Failure   Level
 Shock                    Conj/Air       28%        1d4       9%          1
 Summon Small Mammal      Summ           100%       N/A       1%          1
 Sting                    Tmut/Pois      68%        1d6       3%          1
 Animate Skeleton         Necr           14%        N/A       9%          1
 Apportation              Tloc           14%        N/A       9%          1
 Hailstorm                Conj/Ice       29%        3d8       9%          4
 Poisonous Vapours        Pois/Air       14%        N/A       13%         2
 Sublimation of Blood     Necr           7%         N/A       13%         2
 Petrify                  Tmut/Erth      26%        N/A       13%         4
 Olgreb's Toxic Radiance  Pois           7%         N/A       65%         4
 Irradiate                Conj/Tmut      8%         3d16      67%         5


Dungeon Overview and Level Annotations

Branches:
Dungeon (10/15)            Temple (1/1) D:5            Lair (0/6) D:9
 Bailey (visited)
    Orc: D:9-12

Altars:
Dithmenos
Elyvilon
Fedhas
Gozag
Hepliaklqana
Nemelex Xobeh
Okawaru
Qazlal
Ru
Sif Muna
Trog
Uskayaw
Vehumet
Wu Jian
Xom
Yredelemnul
Zin
The Shining One

Shops:
D:4 *


Innate Abilities, Weirdness & Mutations

You can breathe waves of freezing cold which knock back foes.
Your icy white scales are hard. (AC +7)
You cannot fit into any form of body armour.
Your flesh is cold resistant. (rC+)
You are cold-blooded and may be slowed by cold attacks.


Message History

The frozen ramparts melt away.
The boulder beetle bites you!!
You are too injured to fight recklessly!
You hit the boulder beetle. You burn the boulder beetle.
You tail-slap the boulder beetle, but do no damage.
The boulder beetle is heavily wounded.
The boulder beetle bites you but does no damage.
You hit the boulder beetle but do no damage.
You tail-slap the boulder beetle.
The boulder beetle is heavily wounded.
The boulder beetle bites you but does no damage.
The boulder beetle bites you.
* * * LOW HITPOINT WARNING * * *
You hit the boulder beetle but do no damage.
The boulder beetle is heavily wounded.
The boulder beetle misses you.
You hit the boulder beetle but do no damage.
The boulder beetle is heavily wounded.
The boulder beetle closely misses you.
You hit the boulder beetle. You burn the boulder beetle.
You tail-slap the boulder beetle, but do no damage.
The boulder beetle is severely wounded.
The boulder beetle bites you.
* * * LOW HITPOINT WARNING * * *
You puncture the boulder beetle! You burn the boulder beetle.
The boulder beetle is severely wounded.
The boulder beetle bites you.
* * * LOW HITPOINT WARNING * * *
You hit the boulder beetle. You burn the boulder beetle.
The boulder beetle is almost dead.
The boulder beetle bites you but does no damage.
Unknown command.
You hit the boulder beetle but do no damage.
The boulder beetle is almost dead.
The boulder beetle bites you!
* * * LOW HITPOINT WARNING * * *
You puncture the boulder beetle! You burn the boulder beetle.
You tail-slap the boulder beetle, but do no damage.
The boulder beetle is almost dead.
The boulder beetle bites you!!
You die...

.# ............#
.. #.....<....# ##
#..........####
#..............
#......).......
#....).........
#...##'##+#....
####...#.....#....
.......#@B...# ...
.......).....# .
.......#.....#
###...>#.....+
#....#.....#
#....#.....#
#..g.#....>#
#....#.....#
'....#.....#


You could see a boulder beetle.

Vanquished Creatures
  A two-headed ogre (D:9)
  An orc knight (Bailey)
  A manticore (D:10)
  Maurice (D:8)
  2 kobold demonologists (D:6)
  A hornet (D:9)
  4 yaks
  A shadow (D:6)
  A wyvern (D:8)
  A steam dragon (D:6)
  Eustachio (D:4)
  A warg (D:9)
  An acid dragon (D:8)
  3 water moccasins
  10 orc warriors
  2 sky beasts
  2 ice beasts
  A hornet zombie (D:6)
  3 black bears
  An ogre (D:6)
  A centaur (D:8)
  3 bullfrogs
  3 necrophages (D:6)
  A gnoll sergeant (D:10)
  2 kobold brigands
  A wyvern zombie (D:6)
  5 scorpions
  21 wights
  3 killer bees (D:9)
  A howler monkey (D:4)
  A centaur zombie (D:6)
  2 hounds
  4 orc priests
  2 gnoll shamans
  2 bullfrog zombies (D:6)
  A human zombie (D:6)
  A jelly (D:4)
  4 iguanas
  Terence (D:3)
  6 orc wizards
  A mummy (D:6)
  12 gnolls
  7 adders
  A shadow imp (D:6)
  2 white imps
  An ufetubus (D:4)
  2 worms (D:2)
  2 dart slugs
  22 orcs
  5 endoplasms
  2 giant cockroaches
  4 hobgoblins
  7 jackals
  5 quokkas
  6 ball pythons
  A bat (D:2)
  4 frilled lizards
  16 goblins
  13 kobolds
  5 rats
222 creatures vanquished.

Vanquished Creatures (collateral kills)
  A two-headed ogre (D:9)
  A deep elf zephyrmancer (Bailey)
  A warg (D:9)
  A centaur (D:9)
  A killer bee (D:9)
  A hound (D:7)
  2 kobolds (D:6)
8 creatures vanquished.

Vanquished Creatures (others)
  4 fungi (D:2)
  2 plants (D:2)
6 creatures vanquished.

Grand Total: 236 creatures vanquished

Notes
Turn   | Place    | Note
-------+----------+-------------------------------------------
     0 | D:1      | juncz the Draconian Ice Elementalist began the quest for
                  | the Orb.
     0 | D:1      | Reached XP level 1. HP: 14/14 MP: 3/3
   710 | D:1      | Reached XP level 2. HP: 20/20 MP: 1/5
  2012 | D:2      | Reached XP level 3. HP: 23/26 MP: 4/6
  2016 | D:2      | Learned a level 3 spell: Frozen Ramparts
  2020 | D:2      | Learned a level 3 spell: Ozocubu's Armour
  3208 | D:2      | Found a faded altar of an unknown god.
  3281 | D:3      | Noticed Terence
  3676 | D:3      | Killed Terence
  3677 | D:3      | Reached XP level 4. HP: 24/33 MP: 0/8
  3915 | D:3      | Reached skill level 5 in Ice Magic
  4476 | D:4      | Reached XP level 5. HP: 28/38 MP: 0/10
  4667 | D:4      | Found a blossoming altar of Fedhas.
  4878 | D:4      | Noticed Eustachio
  4901 | D:4      | Killed Eustachio
  4902 | D:4      | Reached skill level 6 in Ice Magic
  4902 | D:4      | Reached XP level 6. HP: 42/45 MP: 3/12
  5700 | D:4      | Found an opulent altar of Gozag.
  6085 | D:4      | Reached skill level 1 in Fighting
  6085 | D:4      | Reached skill level 5 in Spellcasting
  6085 | D:4      | Your scales start taking on an icy white colour.
  6085 | D:4      | Reached skill level 7 in Ice Magic
  6085 | D:4      | Reached XP level 7. HP: 49/52 MP: 7/14
  6085 | D:4      | Gained mutation: Your flesh is cold resistant. (rC+) [White
                  | Draconian growth]
  6272 | D:4      | Found Xennaest's General Store.
  6281 | D:4      | Bought a potion of heal wounds for 65 gold pieces
  6281 | D:4      | Bought a scroll of identify for 26 gold pieces
  6322 | D:4      | Found an iron altar of Okawaru.
  6920 | D:5      | Entered Level 5 of the Dungeon
  6984 | D:5      | Reached skill level 8 in Ice Magic
  7267 | D:5      | Found the amulet of the Four Winds {rN+ Will+++ Clar}
  8153 | D:5      | Reached XP level 8. HP: 60/63 MP: 9/16
  8262 | D:5      | Found a staircase to the Ecumenical Temple.
  8277 | Temple   | Entered the Ecumenical Temple
  8420 | Temple   | Became a worshipper of Vehumet
  8671 | D:5      | Identified the +9 trident "Alurowk" {flame, Str+4}
  8678 | D:5      | Learned a level 4 spell: Summon Ice Beast
  8977 | D:6      | Reached skill level 1 in Polearms
  8977 | D:6      | Reached skill level 1 in Summonings
  8977 | D:6      | Reached skill level 1 in Transmutations
  9650 | D:6      | Noticed a kobold demonologist
  9941 | D:6      | Noticed a kobold demonologist
  9954 | D:6      | Killed a kobold demonologist
  9955 | D:6      | Killed a kobold demonologist
  9956 | D:6      | Reached skill level 9 in Ice Magic
 10586 | D:6      | Reached XP level 9. HP: 71/71 MP: 12/18
 10709 | D:6      | Found an ornate altar of the Wu Jian Council.
 11269 | D:6      | Found a basalt altar of Yredelemnul.
 11804 | D:6      | Reached * piety under Vehumet
 11804 | D:6      | Offered knowledge of Sandblast by Vehumet.
 11807 | D:6      | Learned a level 1 spell: Sandblast
 12795 | D:7      | Reached skill level 5 in Fighting
 12795 | D:7      | Reached skill level 1 in Earth Magic
 13027 | D:7      | Reached skill level 5 in Dodging
 13263 | D:7      | Reached XP level 10. HP: 56/81 MP: 15/20
 13505 | D:7      | Found a sacrificial altar of Ru.
 13565 | D:7      | Offered knowledge of Shock by Vehumet.
 14027 | D:7      | Learned a level 4 spell: Ice Form
 14384 | D:8      | Found a flagged portal.
 14390 | D:8      | Reached ** piety under Vehumet
 14438 | Bailey   | Entered a bailey
 14459 | Bailey   | Reached skill level 10 in Ice Magic
 14822 | Bailey   | Noticed an orc knight
 14849 | Bailey   | Killed an orc knight
 15198 | Bailey   | Found a large runed translucent door.
 15198 | Bailey   | Found a large runed translucent door.
 15200 | Bailey   | Noticed a deep elf zephyrmancer
 15310 | Bailey   | Killed a deep elf zephyrmancer
 15324 | Bailey   | Identified the -5 hat of Hedge Wizardry {rC++ Dex-3}
 15563 | D:8      | Noticed Maurice
 15574 | D:8      | Killed Maurice
 16163 | D:8      | Reached skill level 5 in Summonings
 16343 | D:9      | Paralysed by a hornet for 2 turns
 16347 | D:9      | Reached XP level 11. HP: 31/91 MP: 14/22
 17222 | D:9      | Noticed a two-headed ogre
 17230 | D:9      | Killed a two-headed ogre
 17696 | D:9      | Found a staircase to the Lair.
 17881 | D:9      | Found a sparkling altar of Nemelex Xobeh.
 17887 | D:9      | Found a stormy altar of Qazlal.
 17887 | D:9      | Found a glowing golden altar of the Shining One.
 17918 | D:9      | Noticed a two-headed ogre
 17929 | D:9      | Killed a two-headed ogre
 18895 | D:9      | Upgraded the game from 0.29-a0-275-g389c0b56f3 to
                  | 0.29-a0-284-gf9362112df
 18911 | D:10     | Entered Level 10 of the Dungeon
 18911 | D:10     | Noticed a boulder beetle
 18921 | D:10     | Reached skill level 11 in Ice Magic
 19354 | D:10     | Mangled by a boulder beetle

Illustrated notes

Levels and vault maps discovered:
D:1:      roderic_dead_forest, layout_basic
D:2:      layout_basic, shapermc_ecumenical_altar_mp_urbaneastern,
          minmay_tetromino_o2
D:3:      layout_rooms, uniq_terence
D:4:      layout_cave_pods, okawaru_ov_weapons_minmay, fedhas_altar_1,
          nicolae_gozag_cash_rules_everything_around_me, serial_shops,
          nicolae_lakefront_shop, minmay_unequal, uniq_eustachio
D:5:      layout_loops_ring, minmay_temple_entry_offerings
D:6:      layout_layer_cave, nicolae_wu_jian_immortal_techniques,
          lemuel_mausoleum_altar_yredelemnul
D:7:      layout_rooms, mainiacjoe_overflow_small_starburst,
          hangedman_decor_peaks_small
D:8:      layout_gridville, enter_bailey_5, uniq_maurice
D:9:      layout_small_grid, minitemple, erik_lair_orcish_takeover,
          grunt_ministairs_7
D:10:     layout_irregular_city, lemuel_crystal_altar,
          mainiacjoe_overflow_two_lobes, kennysheep_slug_shrine,
          ebering_ghost_gozag, grunt_ministairs_13, grunt_ogre_cave
Temple:   nicolae_temple_figure_zero

Skill      XL: |  1  2  3  4  5  6  7  8  9 10 11 |
---------------+----------------------------------+-----
Stealth        | 2 |  2.0
Spellcasting   | 3 4 5 6 7 |  7.8
Ice Magic      | 5 6 7 8 9 10 11 | 11.0
Dodging        | 2 3 4 5 6 |  6.3
Fighting       | 1 3 4 5 6 7 |  7.0
Polearms       | 2 3 4 |  4.5
Summonings     | 2 3 5 |  5.6
Transmutations | 2 3 4 |  4.6
Earth Magic    | 1 3 4 |  4.5

Action                   |  1- 3 |  4- 6 |  7- 9 | 10-12 || total
-------------------------+-------+-------+-------+-------++-------
Melee: Club              |     1 |       |       |       ||     1
       Short sword       |    11 |    14 |     6 |       ||    31
       Tailslap          |     2 |     3 |    14 |    15 ||    34
       Trident           |       |       |   135 |   146 ||   281
       Punch             |       |       |     2 |     1 ||     3
       Unarmed           |       |       |       |    13 ||    13
Throw: Stone             |     8 |    24 |    34 |    49 ||   115
       Dart              |       |     4 |     1 |     6 ||    11
 Cast: Freeze            |    58 |    27 |    33 |     4 ||   122
       Frozen Ramparts   |     6 |    14 |    29 |    31 ||    80
       Ozocubu's Armour  |     5 |     5 |    23 |    28 ||    61
       Summon Ice Beast  |       |       |     1 |    16 ||    17
       Sandblast         |       |       |     4 |     3 ||     7
       Ice Form          |       |       |       |     4 ||     4
 Abil: Breathe Frost     |       |       |     6 |    14 ||    20
       End Transformatio |       |       |       |     2 ||     2
Evoke: Wand              |       |       |     1 |     1 ||     2
  Use: Scroll            |       |       |     7 |     2 ||     9
       Potion            |       |       |       |     5 ||     5
 Stab: Sleeping          |       |       |     2 |       ||     2
       Distracted        |       |       |       |     3 ||     3
Armor: Skin              |     7 |     3 |    64 |    54 ||   128
Dodge: Dodged            |    31 |    10 |   106 |   103 ||   250
       Repelled          |       |       |       |     1 ||     1

Table legend: (Time is in decaauts)
 A = Elapsed time spent in this place.
 B = Non-inter-level travel time spent in this place.
 C = Inter-level travel time spent in this place.
 D = Time resting spent in this place.
 E = Time spent auto-exploring this place.
 F = Levels seen in this place.
 G = Mean time per level.
                   A        B        C        D        E       F      G
               +--------+--------+--------+--------+--------+-----+--------+
         Total |  19436 |  18753 |    683 |  10433 |   5785 |  12 | 1619.7 |
       Dungeon |  18306 |  17652 |    654 |   9927 |   5500 |  10 | 1830.6 |
        Temple |    157 |    128 |     29 |      0 |    111 |   1 |  157.0 |
        Bailey |    972 |    972 |      0 |    506 |    174 |   1 |  972.0 |
               +--------+--------+--------+--------+--------+-----+--------+

Top non-repeatable levels by time:
     D:6: 4050 daAuts
     D:9: 2538 daAuts
     D:4: 2460 daAuts
     D:1: 1863 daAuts
     D:5: 1646 daAuts
     D:2: 1519 daAuts
     D:7: 1507 daAuts
     D:8: 1482 daAuts
     D:3: 1085 daAuts
  Bailey: 972 daAuts
  Temple: 157 daAuts
    D:10: 152 daAuts
